 Dungeon Sprint DCSS version 0.29.1-15-g9cfb28693d (webtiles) character file.

Game seed: 2145020075156014283

450 Hugehornet the Basher (level 7, -1/41 HPs)
             Began as a Gargoyle Fighter on Mar 23, 2023.
             Was an Initiate of Okawaru.
             Slain by Sonja
             ... wielding a +1 short sword of venom
              (6 damage)
             ... in the Dungeon (Sprint I: "Red Sonja").
             The game lasted 00:02:30 (439 turns).

Hugehornet the Basher (Gargoyle Fighter)             Turns: 439, Time: 00:02:32

Health: -1/41      AC: 12    Str: 20    XL:     7   Next: 4%
Magic:  7/7        EV:  9    Int: 10    God:    Okawaru [......]
Gold:   329        SH:  4    Dex:  9    Spells: 6/6 levels left

rFire   . . .      SeeInvis .   a - +0 flail
rCold   . . .      Faith    .   c - +0 buckler
rNeg    + . .      Spirit   .   b - +0 scale mail
rPois   ∞          Reflect  .   (no helmet)
rElec   +          Harm     .   (no cloak)
rCorr   .          Rampage  .   (no gloves)
Will    .....      NoTele   +   (no boots)
Stlth   ..........              (no amulet)
HPRegen 0.13/turn               (no ring)
MPRegen 0.10/turn               (no ring)

@: hasted, very quick
A: sickness immunity, AC +4, negative energy resistance 1, electricity
resistance, torment resistance 1, petrification resistance
a: Renounce Religion


You were in the Dungeon.
You worshipped Okawaru.
Okawaru was noncommittal.
You visited 1 branch You collected 329 gold pieces.

Inventory:

Hand Weapons
 a - a +0 flail (weapon)
Armour
 b - a +0 scale mail (worn)
 c - a +0 buckler (worn)
Wands
 d - a wand of quicksilver (2)
 i - a wand of flame (15)
Scrolls
 j - a scroll of blinking
Potions
 e - a potion of curing
 h - 2 potions of magic


   Skills:
 - Level 3.2 Fighting
 + Level 12.9 Maces & Flails
 * Level 7.1 Armour
 - Level 5.0 Shields


You had 6 spell levels left.
You didn't know any spells.
Your spell library was empty.

Dungeon Overview and Level Annotations

Branches:
Dungeon (1/1)

Altars:
Cheibriados
Dithmenos
Elyvilon
Fedhas
Gozag
Hepliaklqana
Kikubaaqudgha
Nemelex Xobeh
Okawaru
Qazlal
Ru
Sif Muna
Trog
Uskayaw
Vehumet
Wu Jian
Yredelemnul
Zin
The Shining One

Shops:
D (

Annotations:
D Sonja


Innate Abilities, Weirdness & Mutations

You are immune to sickness and miasma.
Your stone body is resilient. (AC +4)
You are immune to poison.
You resist negative energy. (rN+)
You are resistant to electric shocks. (rElec)
You are resistant to unholy torment.
You are immune to petrification.


Message History

Sonja is severely wounded.
You barely miss Sonja.
Sonja is severely wounded.
Sonja barely misses you. Sonja closely misses you. You block Sonja's attack.
You barely miss Sonja.
Sonja is severely wounded.
Sonja hits you but does no damage. Sonja barely misses you.
Sonja hits you but does no damage.
You miss Sonja.
Sonja is severely wounded.
Sonja hits you with a +1 short sword of venom.
* * * LOW HITPOINT WARNING * * *
Sonja barely misses you. You block Sonja's attack.
You completely miss Sonja.
Sonja is severely wounded.
You hit Sonja.
Sonja is almost dead.
Sonja barely misses you. Sonja hits you but does no damage.
Sonja completely misses you.
You miss Sonja.
Sonja is almost dead.
Sonja gestures wildly while chanting.
Sonja blinks!
There is an open door here.
You completely miss Sonja.
Sonja is almost dead.
You barely miss Sonja.
Sonja is almost dead.
Sonja mumbles some strange words.
Sonja blinks!
You close the door.
Sonja opens the door.
There is an open door here.
You completely miss Sonja.
Sonja is almost dead.
Sonja closely misses you.
Sonja hits you with a +1 short sword of venom.
* * * LOW HITPOINT WARNING * * *
Sonja hits you with a +1 short sword of venom.
You die...

#<.#..)..#..'..#
#..)..#..').#..+
#..#####'#####'#
#..####..#...#.#
#..#__####..##.#
#..#_____##'#_.+
#⌠⌠#_.∩...'..._#
####_..__##K.#'#
#_____###@#.#
#########.###
+$.$+ #$.$#
##.## #+#


You could see Sonja.

Vanquished Creatures
  A yak (D)
  Sigmund (D)
  An ogre (D)
  A jelly (D)
  Ijyb (D)
5 creatures vanquished.

Notes
Turn   | Place    | Note
-------+----------+-------------------------------------------
     0 | D        | Hugehornet the Gargoyle Fighter began the quest for the
                  | Orb.
     0 | D        | Reached XP level 1. HP: 14/14 MP: 1/1
     1 | D        | Noticed Ijyb
    14 | D        | Killed Ijyb
    15 | D        | Reached skill level 6 in Maces & Flails
    15 | D        | Reached XP level 2. HP: 19/19 MP: 2/2
    15 | D        | Reached XP level 3. HP: 23/23 MP: 3/3
    38 | D        | Noticed an ogre
    46 | D        | Killed an ogre
    47 | D        | Reached skill level 9 in Maces & Flails
    47 | D        | Reached XP level 4. HP: 27/28 MP: 4/4
    61 | D        | Noticed Sigmund
    69 | D        | Killed Sigmund
    70 | D        | Reached skill level 12 in Maces & Flails
    70 | D        | Reached XP level 5. HP: 17/32 MP: 5/5
    70 | D        | Reached XP level 6. HP: 20/37 MP: 6/6
   239 | D        | Found an ornate altar of the Wu Jian Council.
   239 | D        | Found a shimmering blue altar of Sif Muna.
   241 | D        | Found a radiant altar of Vehumet.
   281 | D        | Found Xedomoq's Weapon Emporium.
   281 | D        | Found an ancient bone altar of Kikubaaqudgha.
   281 | D        | Found a hazy altar of Hepliaklqana.
   281 | D        | Found a stormy altar of Qazlal.
   281 | D        | Found a hide-covered altar of Uskayaw.
   281 | D        | Found a blossoming altar of Fedhas.
   281 | D        | Found a bloodstained altar of Trog.
   281 | D        | Found an iron altar of Okawaru.
   281 | D        | Found a basalt altar of Yredelemnul.
   281 | D        | Found a glowing golden altar of the Shining One.
   281 | D        | Found a snail-covered altar of Cheibriados.
   281 | D        | Found a sacrificial altar of Ru.
   281 | D        | Found a glowing silver altar of Zin.
   281 | D        | Found a shadowy altar of Dithmenos.
   281 | D        | Found a white marble altar of Elyvilon.
   281 | D        | Noticed a yak
   299 | D        | Killed a yak
   300 | D        | Reached skill level 5 in Shields
   300 | D        | Reached XP level 7. HP: 31/41 MP: 7/7
   300 | D        | Found an opulent altar of Gozag.
   301 | D        | Found a sparkling altar of Nemelex Xobeh.
   306 | D        | Became a worshipper of Warmaster Okawaru
   377 | D        | Noticed Sonja
   439 | D        | Slain by Sonja

Illustrated notes

Levels and vault maps discovered:
D:        dungeon_sprint_1 [red_sonja_temple_1, red_sonja_temple_small_1]

Skill      XL: |  1  2  3  4  5  6 |
---------------+-------------------+-----
Maces & Flails | 6 9 12 | 12.9
Armour         | 7 |  7.1
Shields        | 5 |  5.0
Fighting       | |  3.2

Action                   |  1- 3 |  4- 6 |  7- 9 || total
-------------------------+-------+-------+-------++-------
Melee: Flail             |    19 |    27 |    35 ||    81
  Use: Potion            |     2 |     1 |     2 ||     5
Armor: Scale mail        |     1 |     9 |    29 ||    39
Dodge: Dodged            |     7 |     3 |    23 ||    33
Block: Buckler           |     4 |     1 |    13 ||    18
